 Dungeon Crawl Stone Soup version 0.24.0-1-gfbc8707 (webtiles) character file.

Game seed: 15542435600745308351, levelgen mode: deterministic

1811305 Blackhawk the Conqueror (level 27, 125/199 HPs)
             Began as a Gargoyle Fighter on Nov 12, 2019.
             Was the Champion of Qazlal.
             Escaped with the Orb
             ... and 3 runes on Nov 13, 2019!
             The game lasted 02:51:04 (62529 turns).

Blackhawk the Conqueror (Gargoyle Fighter)         Turns: 62529, Time: 02:51:04

Health: 125/199    AC: 40    Str: 35    XL:     27
Magic:  20/26      EV: 31    Int:  9    God:    Qazlal [******]
Gold:   6413       SH: 44    Dex: 18    Spells: 26/26 levels left

rFire    + + .     SeeInvis +   b - +9 demon trident (vamp)
rCold    + + .     Gourm    .   A - +0 large shield of Odac {Int+3 SInv} (curse)
rNeg     + + .     Faith    .   D - +2 ring mail of the Ancient Cities {*Drain rCorr Slay+4 SInv}
rPois    ∞         Spirit   +   k - +2 helmet
rElec    +         Reflect  +   N - scarf {Spirit}
rCorr    +         Harm     .   c - -5 pair of gloves of Yredelemnul's Whim {Regen+ Str+7}
MR       +++..                  y - +2 pair of boots
Stlth    +.........             t - brooch of Shielding {Reflect SH+8}
HPRegen  0.83/turn              H - ring "Ippaum" {rN+ MR+ Dex+4}
MPRegen  0.20/turn              F - ring "Ypeidgho" {+Inv rF+ rC+ Int-4}

@: agile, resistant (expiring), flying, studying Maces & Flails, repel missiles
A: big wings, slimy green scales 1, yellow scales 1, blurry vision 1, clumsy 1,
deformed body, dopey 1, negative energy resistance 1, screaming 2, electricity
resistance, wild magic 1, unbreathing, petrification resistance, rot immunity,
sturdy frame 1, AC +20
0: Orb of Zot
}: 3/15 runes: decaying, silver, gossamer
a: Stop Flying, Upheaval, Elemental Force, Disaster Area, Renounce Religion,
Evoke Invisibility


You escaped.
You worshipped Qazlal.
Qazlal was exalted by your worship.
You were hungry.

You visited 9 branches of the dungeon, and saw 49 of its levels.
You visited 1 bazaar.
You also visited: Wizlab.

You collected 7562 gold pieces.
You spent 1149 gold pieces at shops.

Inventory:

Hand Weapons
 a - the +10 hand axe "Vaar" {venom, MR++ Int-2 SInv Stlth+}
   (You took it off a centaur on level 8 of the Dungeon)

   It poisons the flesh of those it strikes.
   It affects your intelligence (-2).
   It affects your resistance to hostile enchantments.
   It lets you see invisible.
   It makes you more stealthy.
 b - a +9 vampiric demon trident (weapon)
 g - a +9 broad axe
 m - the +11 flail of Offence {flame, *Rage rElec rF+ Int+4}
   (You took it off a white draconian on level 5 of the Depths)

   It has been specially enchanted to burn those struck by it, causing extra
   injury to most foes and up to half again as much damage against particularly
   susceptible opponents.
   It affects your intelligence (+4).
   It protects you from fire.
   It insulates you from electricity.
   It may make you go berserk in combat.
Missiles
 i - 13 javelins (quivered)
 T - 2 throwing nets
Armour
 c - the -5 pair of gloves of Yredelemnul's Whim (worn) {Regen+ Str+7}
   (You acquired it on level 6 of the Lair of Beasts)

   It affects your strength (+7).
   It increases your rate of regeneration.
 k - a +2 helmet (worn)
 x - the +0 pair of fencer's gloves {Riposte Dex+3}
   (You found it on level 2 of the Vaults)

   It affects your dexterity (+3).
 y - a +2 pair of boots (worn)
 A - the cursed +0 large shield of Odac (worn) {Int+3 SInv}
   (You took it off a daeva on level 3 of the Depths)

   It affects your intelligence (+3).
   It lets you see invisible.
   It has a curse placed upon it.
 D - the +2 ring mail of the Ancient Cities (worn) {*Drain rCorr Slay+4 SInv}
   (You found it on level 6 of the Lair of Beasts)

   It affects your accuracy and damage with ranged weapons and melee attacks
   (+4).
   It lets you see invisible.
   It provides partial protection from all sources of acid and corrosion.
   It causes draining when unequipped.
 J - the +9 plate armour "Rirawk" {-Tele Regen+ Int-2 Stlth+}
   (You found it on level 3 of the Elven Halls)

   It affects your intelligence (-2).
   It prevents most forms of teleportation.
   It increases your rate of regeneration.
   It makes you more stealthy.
 N - a scarf of spirit shield (worn)
Jewellery
 t - the brooch of Shielding (around neck) {Reflect SH+8}
   (You took it off a vault warden on level 5 of the Vaults)

   [amulet of reflection]

   It shields you and reflects attacks.
   It affects your SH (+8).
 F - the ring "Ypeidgho" (right hand) {+Inv rF+ rC+ Int-4}
   (You found it on level 2 of the Lair of Beasts)

   [ring of protection from fire]

   It affects your intelligence (-4).
   It protects you from fire.
   It protects you from cold.
   It lets you turn invisible.
 H - the ring "Ippaum" (left hand) {rN+ MR+ Dex+4}
   (You acquired it on level 3 of the Spider Nest)

   [ring of protection from magic]

   It affects your dexterity (+4).
   It protects you from negative energy.
   It affects your resistance to hostile enchantments.
Wands
 p - a wand of iceblast (72)
 q - a wand of acid (67)
 C - a wand of random effects (36)
 E - a wand of flame (22)
 Q - a wand of digging (16)
 R - a wand of clouds (18)
Scrolls
 l - 4 scrolls of blinking
 o - 20 scrolls of remove curse
 s - 3 scrolls of enchant weapon
 u - 7 scrolls of fear
 w - 18 scrolls of teleportation
 z - a scroll of holy word
 O - 7 scrolls of amnesia
 S - 15 scrolls of identify
 U - 3 scrolls of fog
 W - a scroll of magic mapping
 X - 4 scrolls of enchant armour
Potions
 d - 6 potions of might
 h - 6 potions of brilliance
 j - 3 potions of agility
 n - 4 potions of cancellation
 r - 2 potions of invisibility
 v - 6 potions of ambrosia
 B - 9 potions of heal wounds
 K - 2 potions of haste
 L - 5 potions of magic
 M - 15 potions of curing
 P - 3 potions of resistance
 Y - 4 potions of berserk rage
Books
 e - a manual of Maces & Flails
Miscellaneous
 G - a lamp of fire
Comestibles
 f - 82 rations


   Skills:
 O Level 27 Fighting
 - Level 14.0(15.0) Axes
 - Level 10.5(14.0) Maces & Flails
 * Level 24.3 Armour
 + Level 17.9 Dodging
 - Level 25.0 Shields
 - Level 5.0 Invocations


You had 26 spell levels left.
You didn't know any spells.
Your spell library contained the following spells:

 Spells                   Type           Power        Failure   Level  Hunger
 Animate Skeleton         Necr           N/A          50%         1    ##.....
 Apportation              Tloc           #.....       50%         1    ##.....
 Confusing Touch          Hex            #.....       50%         1    ##.....
 Corona                   Hex            #......      50%         1    ##.....
 Flame Tongue             Conj/Fire      #....        50%         1    ##.....
 Freeze                   Ice            #...         50%         1    ##.....
 Infusion                 Chrm           #...         50%         1    ##.....
 Magic Dart               Conj           #...         50%         1    ##.....
 Pain                     Necr           #...         50%         1    ##.....
 Sandblast                Erth           #.....       50%         1    ##.....
 Sting                    Conj/Pois      #...         50%         1    ##.....
 Summon Small Mammal      Summ           #...         50%         1    ##.....
 Blink                    Tloc           N/A          63%         2    ###....
 Call Imp                 Summ           #.......     63%         2    ###....
 Passwall                 Tmut/Erth      #.......     63%         2    ###....
 Poisonous Vapours        Pois/Air       #.....       63%         2    ###....
 Searing Ray              Conj           #.....       63%         2    ###....
 Shroud of Golubria       Chrm/Tloc      #.....       63%         2    ###....
 Slow                     Hex            #.......     63%         2    ###....
 Song of Slaying          Chrm           #.......     63%         2    ###....
 Swiftness                Chrm/Air       #.......     63%         2    ###....
 Throw Flame              Conj/Fire      #.....       63%         2    ###....
 Throw Frost              Conj/Ice       #.....       63%         2    ###....
 Call Canine Familiar     Summ           #.......     85%         3    ####...
 Confuse                  Hex            #.......     85%         3    ####...
 Conjure Flame            Conj/Fire      #.......     85%         3    ####...
 Dazzling Spray           Conj/Hex       #.....       85%         3    ####...
 Gell's Gravitas          Tloc           #.........   85%         3    ####...
 Ignite Poison            Fire/Tmut/Pois #.......     85%         3    ####...
 Inner Flame              Hex/Fire       #.......     85%         3    ####...
 Lesser Beckoning         Tloc           #.........   85%         3    ####...
 Mephitic Cloud           Conj/Pois/Air  #.......     85%         3    ####...
 Ozocubu's Armour         Chrm/Ice       #.......     85%         3    ####...
 Portal Projectile        Hex/Tloc       #.....       85%         3    ####...
 Recall                   Summ/Tloc      N/A          85%         3    ####...
 Regeneration             Chrm/Necr      #.........   85%         3    ####...
 Spectral Weapon          Hex/Chrm       #.......     85%         3    ####...
 Spider Form              Tmut/Pois      #.........   85%         3    ####...
 Stone Arrow              Conj/Erth      #.....       85%         3    ####...
 Summon Guardian Golem    Hex/Summ       #.......     85%         3    ####...
 Teleport Other           Tloc           #.......     85%         3    ####...
 Animate Dead             Necr           N/A          99%         4    #####..
 Cause Fear               Hex            #.........   99%         4    #####..
 Force Lance              Conj/Tloc      #.......     99%         4    #####..
 Fulminant Prism          Conj/Hex       #.........   99%         4    #####..
 Iskenderun's Mystic Bla  Conj           #.......     99%         4    #####..
 Leda's Liquefaction      Hex/Erth       #.........   99%         4    #####..
 Olgreb's Toxic Radiance  Pois           #.......     99%         4    #####..
 Petrify                  Tmut/Erth      #.......     99%         4    #####..
 Summon Ice Beast         Ice/Summ       #.......     99%         4    #####..
 Summon Lightning Spire   Summ/Air       #.......     99%         4    #####..
 Throw Icicle             Conj/Ice       #.......     99%         4    #####..
 Agony                    Necr           #.......     100%        5    ######.
 Alistair's Intoxication  Tmut/Pois      #.......     100%        5    ######.
 Blade Hands              Tmut           #.........   100%        5    ######.
 Bolt of Draining         Conj/Necr      #.........   100%        5    ######.
 Bolt of Magma            Conj/Fire/Erth #.........   100%        5    ######.
 Borgnjor's Vile Clutch   Necr/Erth      #.........   100%        5    ######.
 Dispel Undead            Necr           #.......     100%        5    ######.
 Fireball                 Conj/Fire      #.........   100%        5    ######.
 Iskenderun's Battlesphe  Conj/Chrm      #.......     100%        5    ######.
 Lee's Rapid Deconstruct  Erth           #.........   100%        5    ######.
 Metabolic Englaciation   Hex/Ice        #.........   100%        5    ######.
 Silence                  Hex/Air        #.........   100%        5    ######.
 Venom Bolt               Conj/Pois      #.........   100%        5    ######.
 Yara's Violent Unravell  Hex/Tmut       #.........   100%        5    ######.
 Bolt of Cold             Conj/Ice       #.........   100%        6    #######
 Bolt of Fire             Conj/Fire      #.........   100%        6    #######
 Conjure Ball Lightning   Conj/Air       #.........   100%        6    #######
 Darkness                 Hex            #.........   100%        6    #######
 Death Channel            Necr           #.........   100%        6    #######
 Deflect Missiles         Chrm/Air       #.........   100%        6    #######
 Freezing Cloud           Conj/Ice/Air   #.........   100%        6    #######
 Invisibility             Hex            #.......     100%        6    #######
 Iron Shot                Conj/Erth      #.........   100%        6    #######
 Poison Arrow             Conj/Pois      #.........   100%        6    #######
 Simulacrum               Ice/Necr       #.........   100%        6    #######
 Malign Gateway           Summ/Tloc      #.........   100%        7    #######
 Monstrous Menagerie      Summ           #.........   100%        7    #######
 Orb of Destruction       Conj           #.........   100%        7    #######
 Ring of Flames           Chrm/Fire      #.........   100%        7    #######
 Spellforged Servitor     Conj/Summ      #.........   100%        7    #######
 Summon Greater Demon     Summ           #.........   100%        7    #######
 Chain Lightning          Conj/Air       #.........   100%        8    #######
 Controlled Blink         Tloc           N/A          100%        8    #######
 Ignition                 Fire           #.........   100%        8    #######
 Lehudib's Crystal Spear  Conj/Erth      #.........   100%        8    #######
 Summon Horrible Things   Summ           #.........   100%        8    #######
 Fire Storm               Conj/Fire      #.........   100%        9    #######
 Glaciate                 Conj/Ice       #.........   100%        9    #######
 Tornado                  Air            #.........   100%        9    #######
 Passage of Golubria      Tloc           Unusable     N/A         4    N/A
 Statue Form              Tmut/Erth      Unusable     N/A         6    N/A

Dungeon Overview and Level Annotations

Branches:
Dungeon (15/15)            Temple (0/1) D:5            Lair (6/6) D:10
  Swamp (4/4) Lair:2       Spider (4/4) Lair:3        Slime (0/5) Lair:6
    Orc (2/2) D:11            Elf (3/3) Orc:2        Vaults (5/5) D:14
  Crypt (0/3) Vaults:3     Depths (5/5) D:15            Zot (5/5) Depths:5
 WizLab (visited)

Altars:
Cheibriados
Dithmenos
Fedhas
Kikubaaqudgha
Makhleb
Qazlal
Ru
Trog
Vehumet
Wu Jian
Yredelemnul
Zin
The Shining One
Jiyva

Shops:
D:7 :   D:8 %   D:9 %   D:12 ?   D:14 ?   Orc:2 [([:   Elf:1 :   Elf:2 }
Elf:3 :   Depths:2 *   Depths:3 *   Depths:5 %

Portals:
Hell: Depths:1 Depths:2 Depths:3 Depths:4 Depths:5
Abyss: Depths:2 Depths:3 Depths:4
Pandemonium: Depths:3 Depths:4
Ziggurat: Depths:1
Trove: D:12 (give 13 scrolls of teleportation)

Annotations:
D:8 2 runed translucent doors, gilim's ghost, novice GrFi
D:9 3 runed translucent doors, Sagrouko's ghost, novice HOFE
D:12 3 runed translucent doors, growler's ghost, journeyman OpEE
D:13 exclusion: oklob plant
Lair:1 3 runed translucent doors, 1 exclusion, Zusoliwk's ghost, journeyman CeHu
Lair:4 exclusion: oklob plant
Spider:1 Roxanne
Orc:2 3 runed translucent doors, 2 exclusions, Despondentz's ghost, journeyman TrMo; InnerFear's ghost, journeyman MiBe
Elf:1 2 transporters, Mayja's ghost, veteran DDBe
Elf:2 5 runed translucent doors
Elf:3 exclusion: door
Vaults:1 exclusion: orange crystal statue
Depths:1 exclusion: shining eye
Depths:4 exclusion: ice statue


Innate Abilities, Weirdness & Mutations

You are resistant to torment.
Your stone body is resilient. (AC +20)
You are immune to poison.
Your large and strong wings let you fly indefinitely.
You resist negative energy. (rN+)
You are resistant to electric shocks. (rElec)
You can survive without breathing.
You are immune to petrification.
You are immune to rotting.
You are partially covered in slimy green scales. (AC +2)
You are partially covered in yellow scales. (AC +2)
Scrolls take you a little longer to read.
You are clumsy. (Dex -2)
Armour fits poorly on your strangely shaped body.
You are dopey. (Int -2)
You sometimes yell uncontrollably at your foes.
Your spells are a little harder to cast, but a little more powerful.
Your movements are slightly less encumbered by armour. (ER -2)


Message History

The angel is almost dead.
The angel closely misses you. You block the angel's attack.
You miss the angel.
The angel is almost dead.
You block the angel's attack. x2
You puncture the angel!
You kill the angel!
Qazlal accepts your kill.
Things that are here:
a +2 whip of holy wrath; a +0 robe You feel less protected from fire.
Unknown command.
Unknown command.
You hear a shout!
You hear a shout!
You feel a little less mighty now.
You start to feel less resistant.
There is a staircase leading out of the dungeon here.
You can't go down here!
You have escaped!

#.# ♣♣.......♣♣ ##.## #.#.# #.#
♣♣.♣♣♣♣♣♣♣.♣♣ #..# #.#.#
#.#♣♣.♣♣.....♣♣.♣♣ ##.# #.#.##
#[#♣.♣♣.♣♣♣♣♣.♣♣.♣####.## #.#.#.
#.#♣.♣.♣♣.).♣♣.♣♣...##..# #.#.##
#.♣♣.♣.♣.♣♣♣.♣♣.♣...###(####.#...
#.♣8.♣.♣.♣8♣♣)♣.♣♣.........#.####
#.♣♣.♣.♣....♣.♣..♣.........#.#...
..#♣.♣.♣♣8♣.♣.♣♣@♣.........#.#.##
###♣.♣♣.♣♣♣.♣♣.♣♣♣#........#.#.#
♣♣.♣♣....8♣.8♣ #........#.#.##
♣♣.♣♣♣♣♣♣♣.♣♣######......#.#.
♣♣.......♣♣...)...........#.
♣♣♣♣8♣♣♣♣#.#######.....###. ♣♣♣
#.# #......... #.# ###...###. #.#
##..# #.


There were no monsters in sight!

Vanquished Creatures
  A seraph (D:1)
  6 ancient liches
  6 orbs of fire
  A shard shrike (Zot:4)
  7 curse toes
  5 caustic shrikes (Depths:4)
  8 golden dragons
  A bone dragon (Vaults:3)
  4 electric golems
  5 liches
  24 tentacled monstrosities
  27 Orb Guardians
  4 deep elf master archers
  2 deep elf blademasters
  Asterion (Depths:2)
  5 titans
  12 quicksilver dragons
  An acid blob (shapeshifter) (Depths:5)
  An Executioner (Zot:5)
  7 death cobs
  4 sphinxes (Vaults:5)
  2 thorn hunters
  14 storm dragons
  Kirke (Lair:5)
  A daeva (Depths:3)
  4 draconian monks
  9 tengu reavers
  14 shadow dragons
  9 fire giants
  7 deep elf sorcerers
  8 draconian knights
  6 draconian scorchers
  12 frost giants
  An iron dragon (Vaults:5)
  6 ghost moths
  15 vault wardens
  2 emperor scorpions
  A balrug (Depths:4)
  A caustic shrike zombie (Depths:2)
  An angel (D:1)
  Aizul (Vaults:1)
  Louise (D:14)
  7 draconian stormcallers
  4 draconian shifters
  5 draconian annihilators
  3 war gargoyles
  13 stone giants
  2 spriggan defenders
  9 deep elf elementalists
  14 ironheart preservers
  7 very ugly things
  A vampire knight (Depths:1)
  4 entropy weavers
  Azrael (Lair:3)
  16 yellow draconians
  7 green draconians
  4 deep elf annihilators
  5 deep elf demonologists
  11 black draconians
  15 spark wasps
  9 white draconians
  21 purple draconians
  15 red draconians
  6 deep elf death magi
  12 ettins
  9 statues (WizLab)
  2 blizzard demons
  A crystal guardian (Vaults:4)
  The ghost of moogleknight the Thaumaturge, a journeyman DEEE of Vehumet (Lair:5)
  12 deep elf high priests
  8 fire dragons
  8 ice dragons
  7 great orbs of eyes
  30 vault guards
  17 yaktaur captains
  A monstrous demonspawn (Depths:3)
  8 rakshasas
  A servant of whispers (Elf:1)
  13 hydras
  A merfolk avatar (Lair:6)
  A spriggan air mage (Depths:4)
  47 two-headed ogres
  9 centaur warriors
  A two-headed ogre (shapeshifter) (Depths:5)
  16 alligators
  4 death knights
  8 deep troll shamans
  22 dancing weapons
  5 shambling mangroves
  2 hell hogs (Depths:1)
  13 tengu warriors
  10 deep troll earth magi
  5 orc high priests (Orc:2)
  13 ogre magi
  4 sun demons
  12 spriggan berserkers
  A hell knight (Depths:2)
  A titan skeleton (Depths:2)
  4 soul eaters
  3 iron trolls
  2 shadow wraiths
  3 skeletal warriors (Depths:4)
  12 deep elf knights
  A sixfirhy (Depths:3)
  5 glowing orange brains
  A fire crab (shapeshifter) (Vaults:1)
  2 spriggan druids
  29 deep trolls
  2 flayed ghosts
  A sea snake (Lair:6)
  A glowing orange brain (shapeshifter) (Depths:4)
  4 unseen horrors
  A wizard (Depths:2)
  A large abomination (Elf:3)
  12 swamp dragons
  2 quicksilver dragon simulacra (Depths:4)
  2 necromancers
  15 deep elf archers
  5 phantasmal warriors
  Pikel (D:6)
  A wolf spider zombie (D:15)
  10 harpies
  30 wolf spiders
  65 deep elf magi
  11 ironbrand convokers
  16 orc knights
  A fire giant zombie (Depths:2)
  19 orb spiders
  53 ugly things
  A salamander (shapeshifter) (D:14)
  6 cyclopes
  3 manticores
  35 moths of wrath
  A salamander (Lair:4)
  16 vault sentinels
  13 elephants
  Maurice (D:13)
  9 black mambas
  An iron dragon skeleton (Depths:2)
  Joseph (D:10)
  8 rust devils (Depths:4)
  A stone giant skeleton (Vaults:5)
  2 gargoyles
  24 spiny frogs
  Psyche (D:7)
  2 torpor snails
  A spiny frog (shapeshifter) (Vaults:1)
  An orange demon (Depths:3)
  11 komodo dragons
  A tormentor (Depths:3)
  8 rime drakes
  A yaktaur (shapeshifter) (D:15)
  8 tengu conjurers
  2 efreet
  56 yaktaurs
  4 ice devils
  2 kobold demonologists
  7 demonic crawlers
  12 freezing wraiths
  3 red devils (Depths:4)
  A troll (shapeshifter) (Vaults:3)
  A jumping spider (shapeshifter) (Vaults:5)
  37 jumping spiders
  3 polar bears (Lair:6)
  14 trolls
  57 slime creatures
  A wind drake (Lair:6)
  2 saltlings (Elf:1)
  11 tyrant leeches
  11 hippogriffs
  33 hornets
  6 blink frogs
  5 bog bodies
  2 dream sheep
  10 shadows
  25 tarantellas
  2 stone giant simulacra
  4 air elementals
  A redback (shapeshifter) (Depths:2)
  A centaur simulacrum (D:14)
  29 yaks
  11 wraiths
  2 vampires
  A flying skull (Depths:4)
  80 redbacks
  A ynoxinul (Depths:3)
  A human (D:7)
  6 wyverns
  4 fire elementals
  8 water elementals
  10 hogs
  9 spriggans
  A golden eye (shapeshifter) (Vaults:2)
  3 basilisks
  2 basilisks (shapeshifter)
  5 hungry ghosts
  Menkaure (D:4)
  5 wargs
  21 vampire mosquitoes
  A soldier ant (D:15)
  18 swamp worms
  4 insubstantial wisps (Swamp:3)
  2 soldier ants (shapeshifter)
  10 water moccasins
  5 acid dragons
  9 hell hounds
  16 porcupines
  9 ice beasts
  40 orc warriors
  A slave (D:6)
  3 black bears
  9 swamp drakes
  A deep troll skeleton (Vaults:5)
  7 sky beasts
  3 ettin simulacra
  A necrophage (D:14)
  3 phantoms
  34 ogres
  8 boggarts
  A wolf (shapeshifter) (Vaults:4)
  18 wolves
  11 crocodiles
  23 centaurs
  A big kobold (shapeshifter) (Elf:3)
  11 bullfrogs
  2 big kobolds
  A wyvern zombie (D:13)
  6 earth elementals
  A gnoll sergeant (D:7)
  5 scorpions
  15 killer bees
  9 wights
  4 electric eels
  2 howler monkeys
  9 crimson imps
  A bullfrog zombie (D:8)
  2 quasits
  7 jellies
  19 orc wizards
  27 orc priests
  7 centaur skeletons
  4 hounds
  An iron imp (Depths:3)
  2 bullfrog skeletons
  5 iguanas
  Ijyb (D:3)
  Natasha (thrice) (D:3)
  12 worker ants
  A killer bee zombie (D:4)
  A hound zombie (D:7)
  2 worker ant zombies
  A howler monkey zombie (D:10)
  11 gnolls
  18 adders
  7 shadow imps
  2 white imps (Depths:3)
  An ufetubus (Depths:3)
  6 oozes
  2 adder zombies
  3 adder skeletons
  3 worms
  4 dart slugs
  8 leopard geckos
  103 orcs
  9 bats
  4 giant cockroaches
  11 goblins
  5 hobgoblins
  3 jackals (D:3)
  21 kobolds
  6 quokkas
  7 frilled lizards
  2 leopard gecko skeletons
  3 rats
  A bush (Lair:6)
  5 fungi
  5 plants
2365 creatures vanquished.

Vanquished Creatures (collateral kills)
  A shadow dragon (Vaults:5)
  2 draconian shifters (Zot:3)
  A yellow draconian (Zot:3)
  A purple draconian (Zot:3)
  A vampire mosquito (Swamp:2)
6 creatures vanquished.

Vanquished Creatures (others)
  A thorn hunter (Swamp:4)
  2 stone giants
  A purple draconian (Zot:5)
  A vampire knight (Depths:4)
  A black draconian (Zot:5)
  A yellow draconian (Zot:4)
  A deep elf high priest (Vaults:5)
  A centaur warrior (Depths:2)
  A two-headed ogre (Depths:1)
  3 tengu warriors (Depths:4)
  2 ogre magi
  3 deep elf knights
  A glowing orange brain (Depths:2)
  A deep troll (Depths:1)
  An ugly thing (Depths:1)
  8 yaktaurs
  A tyrant leech (Swamp:4)
  A slime creature (Depths:1)
  A blink frog (Swamp:3)
  2 water elementals
  4 hell hounds (Depths:1)
  2 swamp drakes (Swamp:4)
  2 ogres
  A centaur (Vaults:3)
  An orc (D:15)
  5 fungi
  33 plants
82 creatures vanquished.

Grand Total: 2453 creatures vanquished

Notes
Turn   | Place    | Note
-------+----------+-------------------------------------------
     0 | D:1      | Blackhawk the Gargoyle Fighter began the quest for the Orb.
     0 | D:1      | Reached XP level 1. HP: 14/14 MP: 1/1
   111 | D:1      | Reached XP level 2. HP: 19/19 MP: 2/2
   332 | D:1      | Reached XP level 3. HP: 23/23 MP: 3/3
   851 | D:2      | Found a snail-covered altar of Cheibriados.
   851 | D:2      | Found a stormy altar of Qazlal.
   854 | D:2      | Became a worshipper of Qazlal Stormbringer
  1029 | D:2      | Reached XP level 4. HP: 20/29 MP: 4/4
  1600 | D:3      | Reached skill level 4 in Fighting
  1834 | D:3      | Reached XP level 5. HP: 33/33 MP: 5/5
  1845 | D:3      | Noticed Natasha
  1867 | D:3      | Killed Natasha
  1962 | D:3      | Reached * piety under Qazlal
  2001 | D:3      | Noticed Natasha
  2008 | D:3      | Killed Natasha
  2023 | D:3      | Noticed Natasha
  2031 | D:3      | Killed Natasha
  2118 | D:3      | Reached XP level 6. HP: 40/40 MP: 6/6
  2269 | D:3      | Noticed Ijyb
  2273 | D:3      | Killed Ijyb
  2273 | D:3      | Reached skill level 5 in Fighting
  2562 | D:4      | Noticed Menkaure
  2573 | D:4      | Killed Menkaure
  2790 | D:4      | Noticed a phantom
  2817 | D:4      | Reached XP level 7. HP: 36/45 MP: 7/7
  2820 | D:4      | Reached skill level 5 in Armour
  2820 | D:4      | Reached skill level 5 in Shields
  2828 | D:4      | Reached skill level 6 in Fighting
  3034 | D:4      | Reached ** piety under Qazlal
  3482 | D:4      | Reached XP level 8. HP: 44/52 MP: 8/8
  3655 | D:4      | Found a burning altar of Makhleb.
  3655 | D:4      | Found a glowing silver altar of Zin.
  3660 | D:4      | Found a bloodstained altar of Trog.
  3662 | D:4      | Found a faded altar of an unknown god.
  3663 | D:4      | Found an ancient bone altar of Kikubaaqudgha.
  3734 | D:5      | Entered Level 5 of the Dungeon
  3866 | D:5      | Found a staircase to the Ecumenical Temple.
  3931 | D:5      | Reached skill level 7 in Fighting
  4714 | D:6      | Reached skill level 8 in Fighting
  4717 | D:6      | Noticed Pikel
  4736 | D:6      | Killed Pikel
  4736 | D:6      | Reached skill level 5 in Axes
  4736 | D:6      | Reached XP level 9. HP: 59/60 MP: 9/9
  5143 | D:7      | Reached *** piety under Qazlal
  5171 | D:7      | Found a glowing golden altar of the Shining One.
  5257 | D:7      | Reached skill level 9 in Fighting
  5351 | D:7      | Found Joupeuclu's Book Boutique.
  5928 | D:8      | Reached XP level 10. HP: 68/68 MP: 10/10
  5934 | D:8      | Reached skill level 10 in Fighting
  5996 | D:8      | Noticed Psyche
  6012 | D:7      | Killed Psyche
  6535 | D:8      | Reached skill level 11 in Fighting
  6556 | D:8      | Identified the +10 hand axe "Vaar" {venom, MR++ Int-2 SInv
                  | Stlth+}
  6579 | D:8      | Reached **** piety under Qazlal
  6771 | D:8      | Found a large runed translucent door.
  6771 | D:8      | Found a large runed translucent door.
  6773 | D:8      | Noticed gilim's ghost (novice GrFi)
  7099 | D:9      | Found Dizuppon's Food Shop.
  7133 | D:9      | Noticed a brown ugly thing
  7134 | D:9      | Noticed a cyclops
  7136 | D:9      | Noticed a kobold demonologist
  7143 | D:9      | Killed a brown ugly thing
  7144 | D:9      | Reached XP level 11. HP: 74/74 MP: 11/11
  7150 | D:8      | Killed a cyclops
  7188 | D:9      | Found a large runed translucent door.
  7596 | D:9      | Found a large runed translucent door.
  7596 | D:9      | Noticed a centaur warrior
  7610 | D:9      | Noticed a six-headed hydra
  7705 | D:9      | You fall into a shaft and drop 2 floors!
  7705 | D:11     | Found a staircase to the Orcish Mines.
  7763 | D:11     | Reached skill level 12 in Fighting
  7772 | D:11     | Noticed a cyclops
  7780 | D:11     | Killed a cyclops
  7873 | D:11     | Noticed an unseen horror
  7881 | D:11     | Killed an unseen horror
  8183 | D:10     | Entered Level 10 of the Dungeon
  8204 | D:10     | Noticed Joseph
  8364 | D:10     | Reached ***** piety under Qazlal
  8366 | D:10     | Found a staircase to the Lair.
  8389 | D:10     | Killed Joseph
  8784 | D:10     | Noticed an unseen horror
  8796 | D:10     | Killed an unseen horror
  8805 | D:10     | Paralysed by fainting for 7 turns
  8940 | D:10     | Reached skill level 13 in Fighting
  9026 | D:10     | Reached skill level 10 in Armour
  9026 | D:10     | Reached XP level 12. HP: 84/84 MP: 12/12
  9044 | D:10     | Reached skill level 10 in Shields
  9509 | D:9      | Found a runed translucent door.
  9510 | D:9      | Noticed Sagrouko's ghost (novice HOFE)
  9964 | D:12     | Found a runed translucent gate.
  9964 | D:12     | Found a runed translucent gate.
 10413 | D:12     | Noticed a two-headed ogre
 10479 | D:12     | Noticed an ogre mage
 10489 | D:12     | Noticed a two-headed ogre
 10495 | D:11     | Killed a two-headed ogre
 10540 | D:11     | Killed a two-headed ogre
 10742 | D:12     | Reached skill level 14 in Fighting
 10748 | D:12     | Found a runed translucent gate.
 10748 | D:12     | Noticed growler's ghost (journeyman OpEE)
 10748 | D:12     | Noticed a two-headed ogre
 10751 | D:12     | Killed an ogre mage
 11008 | D:12     | Found Otefisch's Magic Scroll Boutique.
 11016 | D:12     | Bought a scroll of teleportation for 45 gold pieces
 11016 | D:12     | Bought a scroll of magic mapping for 52 gold pieces
 11029 | D:12     | Found a portal to a secret trove of treasure.
 11711 | D:12     | Reached XP level 13. HP: 91/91 MP: 13/13
 11870 | D:13     | Reached ****** piety under Qazlal
 11971 | D:13     | Found a blossoming altar of Fedhas.
 12375 | D:13     | Noticed Maurice
 12387 | D:13     | Killed Maurice
 12778 | D:14     | Reached skill level 15 in Fighting
 12895 | D:14     | Noticed Louise
 13138 | D:14     | Killed Louise
 13139 | D:14     | Reached skill level 10 in Axes
 13652 | D:14     | Gained mutation: Your large and strong wings let you fly
                  | indefinitely. [Gargoyle growth]
 13652 | D:14     | Reached XP level 14. HP: 99/99 MP: 14/14
 13681 | D:14     | Found Sock's Magic Scroll Shop.
 13804 | D:14     | Found a gate to the Vaults.
 14068 | D:15     | Entered Level 15 of the Dungeon
 14284 | D:15     | Reached skill level 16 in Fighting
 14456 | D:15     | Found a basalt altar of Yredelemnul.
 15074 | D:14     | Reached skill level 1 in Invocations
 15615 | D:15     | Found a staircase to the Depths.
 15802 | Lair:1   | Entered Level 1 of the Lair of Beasts
 15804 | Lair:1   | Found a runed translucent gate.
 15804 | Lair:1   | Found a runed translucent gate.
 15804 | Lair:1   | Found a runed translucent gate.
 15806 | Lair:1   | Noticed Zusoliwk's ghost (journeyman CeHu)
 15814 | Lair:1   | Found a viscous altar of Jiyva.
 15945 | Lair:1   | Reached skill level 1 in Dodging
 15998 | Lair:1   | Found an ancient bone altar of Kikubaaqudgha.
 17096 | Lair:2   | Got a flickering iron ring
 17602 | Lair:2   | Found a staircase to the Swamp.
 18114 | Lair:3   | Identified the ring "Ypeidgho" {+Inv rF+ rC+ Int-4} (You
                  | found it on level 2 of the Lair of Beasts)
 18136 | Lair:3   | Found a hole to the Spider Nest.
 19898 | Lair:5   | Found a runed translucent gate.
 19899 | Lair:5   | Found a runed translucent gate.
 19900 | Lair:5   | Noticed moogleknight's ghost (journeyman DEEE)
 19906 | Lair:5   | Found a runed translucent gate.
 20019 | Lair:5   | Reached XP level 15. HP: 104/105 MP: 17/17
 20078 | Lair:5   | Noticed Kirke
 20103 | Lair:5   | Killed Kirke
 20555 | Lair:5   | Reached skill level 17 in Fighting
 20563 | Lair:5   | Killed moogleknight's ghost
 20580 | Lair:5   | Got an encrusted ring mail
 20581 | Lair:5   | Identified the +2 ring mail of Inwenecu {MR+++ Str-4 Int+4
                  | Dex-5} (You found it on level 5 of the Lair of Beasts)
 20607 | Lair:6   | Entered Level 6 of the Lair of Beasts
 21203 | Lair:6   | Found a staircase to the Slime Pits.
 21215 | Lair:6   | Identified a scroll of acquirement
 21216 | Lair:6   | Got a pair of transparent gloves
 21227 | Lair:6   | Identified the -5 pair of gloves of Yredelemnul's Whim
                  | {Regen+ Str+7} (You acquired it on level 6 of the Lair of
                  | Beasts)
 21369 | Lair:6   | Reached skill level 5 in Invocations
 21569 | Lair:6   | Identified the cursed +0 battleaxe of Unreason {vamp, rN+
                  | MR+} (You found it on level 6 of the Lair of Beasts)
 21572 | Lair:6   | Got a heavily runed ring mail
 21963 | Orc:1    | Entered Level 1 of the Orcish Mines
 22309 | Orc:2    | Entered Level 2 of the Orcish Mines
 22479 | Orc:2    | Found a staircase to the Elven Halls.
 22481 | Orc:2    | Found a runed translucent gate.
 22482 | Orc:2    | Found a runed translucent gate.
 23193 | Orc:2    | Found a runed translucent gate.
 23194 | Orc:2    | Noticed InnerFear's ghost (journeyman MiBe)
 23194 | Orc:2    | Noticed Despondentz's ghost (journeyman TrMo)
 23477 | Orc:2    | Found Otyados's Armour Shoppe.
 23480 | Orc:2    | Found Dicuis's Antique Armour Shoppe.
 23481 | Orc:2    | Found Yqeprach's Book Shoppe.
 23482 | Orc:2    | Found Heeneran's Antique Weapon Emporium.
 23492 | Orc:2    | Bought an embroidered scarf for 248 gold pieces
 23492 | Orc:2    | Bought a warped chain mail for 294 gold pieces
 23622 | Orc:2    | Identified the cursed +0 chain mail "Dyenag" {SInv} (You
                  | bought it in a shop on level 2 of the Orcish Mines)
 23653 | Orc:2    | Identified the +2 ring mail of the Ancient Cities {*Drain
                  | rCorr Slay+4 SInv} (You found it on level 6 of the Lair of
                  | Beasts)
 23861 | Spider:1 | Entered Level 1 of the Spider Nest
 23861 | Spider:1 | Noticed Azrael
 23866 | Lair:3   | Reached XP level 16. HP: 113/113 MP: 19/19
 24096 | Lair:3   | Killed Azrael
 24279 | Spider:1 | Reached skill level 18 in Fighting
 24279 | Spider:1 | Reached skill level 5 in Dodging
 24334 | Spider:1 | Noticed Roxanne
 24771 | Spider:2 | Reached skill level 15 in Shields
 25872 | Spider:3 | Got a transparent bone ring
 25874 | Spider:3 | Identified the ring "Ippaum" {rN+ MR+ Dex+4} (You acquired
                  | it on level 3 of the Spider Nest)
 26735 | Spider:4 | Entered Level 4 of the Spider Nest
 26989 | Spider:4 | Reached XP level 17. HP: 120/120 MP: 20/20
 27646 | Spider:4 | Identified the Tome of Flamy Poison
 28243 | Spider:4 | Got a gossamer rune of Zot
 28426 | Swamp:1  | Entered Level 1 of the Swamp
 28502 | Swamp:1  | Reached skill level 19 in Fighting
 30014 | Swamp:3  | Got a bloodstained flail
 30127 | Swamp:3  | Reached XP level 18. HP: 128/128 MP: 21/21
 30690 | Swamp:4  | Entered Level 4 of the Swamp
 31143 | Swamp:4  | Identified the +3 flail of Terra Nullius {freeze, Dex+5}
                  | (You found it on level 3 of the Swamp)
 31542 | Swamp:4  | Got a decaying rune of Zot
 32032 | Elf:1    | Entered Level 1 of the Elven Halls
 32070 | Elf:1    | Noticed Mayja's ghost (veteran DDBe)
 32161 | Elf:1    | Reached skill level 15 in Armour
 32415 | Elf:1    | Found a transporter.
 32426 | Elf:1    | Found a transporter.
 32518 | Elf:1    | Reached skill level 20 in Fighting
 32616 | Elf:1    | Found Yhusot's Book Shop.
 33195 | Elf:2    | Found Ykaror's Gadget Shop.
 33237 | Elf:2    | Reached XP level 19. HP: 134/135 MP: 22/22
 33458 | Elf:2    | Found a huge runed translucent gate.
 33458 | Elf:2    | Found a huge runed translucent gate.
 33459 | Elf:2    | Found a huge runed translucent gate.
 33460 | Elf:2    | Found a huge runed translucent gate.
 33462 | Elf:2    | Found a huge runed translucent gate.
 33794 | Elf:3    | Entered Level 3 of the Elven Halls
 34198 | Elf:3    | Found Rolosao's Book Emporium.
 35292 | Elf:3    | Identified the +8 halberd "Visch" {chop, rElec rN+}
 35376 | Elf:3    | Identified the +1 robe "Gaebongi" {+Blink}
 35398 | Elf:3    | Identified the +5 glaive "Aleuqiop" {chop, Int+4 SInv} (You
                  | found it on level 3 of the Elven Halls)
 35491 | Elf:3    | Identified the +9 plate armour "Rirawk" {-Tele Regen+ Int-2
                  | Stlth+} (You found it on level 3 of the Elven Halls)
 36135 | Vaults:1 | Entered Level 1 of the Vaults
 36352 | Vaults:1 | Reached XP level 20. HP: 138/142 MP: 21/23
 36614 | Vaults:1 | Reached skill level 21 in Fighting
 36672 | Vaults:1 | Noticed Aizul
 36689 | Vaults:1 | Killed Aizul
 37758 | Vaults:2 | Found the +0 pair of fencer's gloves {Riposte Dex+3}
 38813 | Vaults:3 | Noticed a bone dragon
 38848 | Vaults:3 | Killed a bone dragon
 38850 | Vaults:3 | Found a staircase to the Crypt.
 39125 | Vaults:3 | Found a magical portal.
 39192 | WizLab   | Reached XP level 21. HP: 121/150 MP: 17/24
 39738 | WizLab   | Identified Wizardry, Part Five
 39738 | WizLab   | Identified the Collected Works on Stones
 39773 | WizLab   | Identified Iskenderun's Handbook of Confrontation
 39773 | WizLab   | Identified Iskenderun's Tome of the Four Hells
 40178 | Vaults:3 | Reached skill level 22 in Fighting
 40200 | Vaults:3 | Reached skill level 10 in Dodging
 41738 | Vaults:4 | Reached XP level 22. HP: 127/158 MP: 20/25
 42465 | Vaults:5 | Entered Level 5 of the Vaults
 42578 | Vaults:5 | Reached skill level 23 in Fighting
 42612 | Vaults:5 | HP: 7/160 [stone giant (11)]
 42612 | Vaults:5 | HP: 2/160 [vault guard/+0 war axe[a vault warden] (5)]
 42658 | Vaults:5 | Identified the +6 quarterstaff of the Endless Expanse
                  | {freeze, Int+5}
 43010 | Vaults:5 | Identified the +7 halberd of Tension {holy, rPois}
 43069 | Vaults:5 | Noticed a golden dragon
 43091 | Vaults:5 | Killed a golden dragon
 43091 | Vaults:5 | Reached XP level 23. HP: 138/165 MP: 20/26
 43280 | Vaults:5 | Identified the +3 battleaxe "Qozxege" {speed, SInv}
 43280 | Vaults:5 | Identified the ring of the Ancients {EV+3 Str+7 Int+2
                  | Dex-4}
 43657 | Vaults:5 | Identified the quicksilver dragon scales of the Gloaming
                  | {rN+ MR+ rCorr Int+2}
 43658 | Vaults:5 | Identified the +7 quarterstaff of Eternal Vigilance {drain,
                  | rElec rF+ rN+ MR+}
 43701 | Vaults:5 | Identified the +2 flail of Compassion {elec, Str-3 Int+5}
 44218 | Vaults:5 | Identified the +2 plate armour of the Turtle {rCorr Int+5}
 44498 | Vaults:5 | Got a silver rune of Zot
 44538 | Vaults:5 | Identified Xaiz's Volume of Dark Displacement
 44752 | Vaults:5 | Found the +2 cloak of the Thief {+Fog Slay-2 SInv Stlth+}
 44787 | Vaults:5 | Reached skill level 24 in Fighting
 45466 | Depths:1 | Entered Level 1 of the Depths
 45520 | Depths:1 | Found a gateway to a bazaar.
 45553 | Bazaar   | Entered a bazaar
 45553 | Bazaar   | Found Jujok's Armour Emporium.
 45553 | Bazaar   | Found Hemuech's Gadget Shoppe.
 45553 | Bazaar   | Found Vatir's General Store.
 45566 | Bazaar   | Found Abbaghuu's Gadget Shoppe.
 45583 | Bazaar   | Bought 3 scrolls of teleportation for 126 gold pieces
 45583 | Bazaar   | Bought a scroll of enchant armour for 105 gold pieces
 45583 | Bazaar   | Bought a scroll of enchant weapon for 105 gold pieces
 45710 | Depths:1 | Found a gateway to a ziggurat.
 45901 | Depths:1 | Found a gateway to Hell.
 46215 | Depths:1 | Reached XP level 24. HP: 172/173 MP: 26/26
 46605 | Depths:2 | Found a one-way gate to the infinite horrors of the Abyss.
 47359 | Depths:2 | Found Losuenet's General Store.
 47444 | Depths:2 | Bought a scroll of identify for 32 gold pieces
 47523 | Depths:2 | Noticed Asterion
 47534 | Depths:2 | Killed Asterion
 47539 | Depths:2 | Identified the +0 pair of gloves of Day {+Blink rPois Str-4
                  | Int+3} (You acquired it on level 2 of the Depths)
 48111 | Depths:3 | Found Gyonoomel's General Store.
 48114 | Depths:3 | Bought a scroll of identify for 30 gold pieces
 48114 | Depths:3 | Bought a scroll of enchant weapon for 112 gold pieces
 48133 | Depths:3 | Identified the cursed +0 large shield of Odac {Int+3 SInv}
 48239 | Depths:3 | Found a glowing golden altar of the Shining One.
 48263 | Depths:3 | Identified the +1 broad axe of Ashenzari's Reproof {speed,
                  | rC+} (You found it on level 3 of the Depths)
 48519 | Depths:3 | Found an ornate altar of the Wu Jian Council.
 49069 | Depths:3 | Found a one-way gate leading to the halls of Pandemonium.
 49475 | Depths:4 | Reached skill level 25 in Fighting
 49555 | Depths:4 | Identified the +5 lajatang "Konaoxon" {speed, rF+} (You
                  | found it on level 4 of the Depths)
 49617 | Depths:4 | Reached XP level 25. HP: 181/181 MP: 26/26
 49629 | Depths:4 | Found a basalt altar of Yredelemnul.
 50167 | Depths:4 | Found a shadowy altar of Dithmenos.
 50621 | Depths:4 | Found a sacrificial altar of Ru.
 50684 | Depths:4 | You are sucked into a shaft and drop 1 floor!
 50684 | Depths:5 | Entered Level 5 of the Depths
 50985 | Depths:4 | Found a stormy altar of Qazlal.
 51998 | Depths:5 | Reached XP level 26. HP: 122/189 MP: 17/26
 52187 | Depths:5 | Identified the +11 flail of Offence {flame, *Rage rElec rF+
                  | Int+4}
 52190 | Depths:5 | Found a gate to the Realm of Zot.
 52260 | Depths:5 | Found Pumad's Food Shop.
 52786 | Zot:1    | Entered Level 1 of the Realm of Zot
 52787 | Zot:1    | Noticed an orb of fire
 52899 | Depths:5 | Reached skill level 1 in Maces & Flails
 53219 | Depths:5 | Reached skill level 26 in Fighting
 53236 | Depths:5 | Gained mutation: You are agile. (Dex +2) [an orb of fire]
 53241 | Depths:5 | Killed an orb of fire
 53940 | Zot:1    | Reached skill level 5 in Maces & Flails
 55116 | Zot:2    | Noticed an orb of fire
 55120 | Zot:2    | Lost mutation: You are agile. (Dex +2) [an orb of fire]
 55121 | Zot:2    | Gained mutation: Your magical capacity is low. (-10% MP)
                  | [an orb of fire]
 55128 | Zot:2    | Gained mutation: You are weak. (Str -2) [an orb of fire]
 55136 | Zot:2    | Gained mutation: You have a somewhat thin skeletal
                  | structure. (Dex +2, Stealth) [an orb of fire]
 55248 | Zot:2    | Killed an orb of fire
 55447 | Zot:2    | Reached XP level 27. HP: 197/197 MP: 24/24
 56575 | Zot:3    | Found a radiant altar of Vehumet.
 56882 | Zot:3    | Reached skill level 27 in Fighting
 57022 | Zot:3    | Reached skill level 10 in Maces & Flails
 58087 | Zot:4    | Reached skill level 15 in Dodging
 58872 | Zot:5    | Entered Level 5 of the Realm of Zot
 59706 | Zot:5    | Noticed an orb of fire
 59722 | Zot:5    | Gained mutation: You evolve. [an orb of fire]
 59728 | Zot:5    | Gained mutation: Your magical capacity is very low. (-20%
                  | MP) [an orb of fire]
 59734 | Zot:5    | Gained mutation: You are dopey. (Int -2) [an orb of fire]
 59741 | Zot:5    | Gained mutation: Your spells are a little easier to cast,
                  | but a little less powerful. [an orb of fire]
 59743 | Zot:5    | Gained mutation: You occasionally shout uncontrollably at
                  | your foes. [an orb of fire]
 59746 | Zot:5    | Killed an orb of fire
 59885 | Zot:5    | Lost mutation: Your magical capacity is very low. (-20% MP)
                  | [evolution]
 59930 | Zot:5    | Noticed an orb of fire
 59934 | Zot:5    | Gained mutation: Your spells are easier to cast, but less
                  | powerful. [an orb of fire]
 59935 | Zot:5    | Gained mutation: Armour fits poorly on your strangely
                  | shaped body. [an orb of fire]
 59951 | Zot:5    | Gained mutation: You are robust. (+10% HP) [an orb of fire]
 59966 | Zot:5    | Gained mutation: Scrolls take you a little longer to read.
                  | [an orb of fire]
 59970 | Zot:5    | Gained mutation: You are very dopey. (Int -4) [an orb of
                  | fire]
 60049 | Zot:5    | Gained mutation: You tend to lose your temper in combat.
                  | [an orb of fire]
 60050 | Zot:5    | Lost mutation: You are robust. (+10% HP) [an orb of fire]
 60065 | Zot:4    | Killed an orb of fire
 60161 | Zot:5    | Lost mutation: Your magical capacity is low. (-10% MP)
                  | [potion of mutation]
 60161 | Zot:5    | Lost mutation: You tend to lose your temper in combat.
                  | [potion of mutation]
 60161 | Zot:5    | Lost mutation: Scrolls take you a little longer to read.
                  | [potion of mutation]
 60161 | Zot:5    | Gained mutation: You tend to lose your temper in combat.
                  | [potion of mutation]
 60161 | Zot:5    | Lost mutation: You are very dopey. (Int -4) [potion of
                  | mutation]
 60162 | Zot:5    | Lost mutation: You are weak. (Str -2) [potion of mutation]
 60162 | Zot:5    | Lost mutation: You occasionally shout uncontrollably at
                  | your foes. [potion of mutation]
 60162 | Zot:5    | Lost mutation: You are dopey. (Int -2) [potion of mutation]
 60162 | Zot:5    | Gained mutation: Your muscles are strong. (Str +2) [potion
                  | of mutation]
 60162 | Zot:5    | Lost mutation: Your muscles are strong. (Str +2) [potion of
                  | mutation]
 60162 | Zot:5    | Lost mutation: Your spells are easier to cast, but less
                  | powerful. [potion of mutation]
 60163 | Zot:5    | Lost mutation: Your spells are a little easier to cast, but
                  | a little less powerful. [potion of mutation]
 60163 | Zot:5    | Lost mutation: You have a somewhat thin skeletal structure.
                  | (Dex +2, Stealth) [potion of mutation]
 60163 | Zot:5    | Gained mutation: Your muscles are strong. (Str +2) [potion
                  | of mutation]
 60163 | Zot:5    | Lost mutation: You tend to lose your temper in combat.
                  | [potion of mutation]
 60261 | Zot:5    | Noticed an orb of fire
 60276 | Zot:5    | Gained mutation: Scrolls take you a little longer to read.
                  | [an orb of fire]
 60279 | Zot:5    | Killed an orb of fire
 60486 | Zot:5    | Noticed an ancient lich
 60494 | Zot:5    | Noticed an ancient lich
 60555 | Zot:4    | Killed an ancient lich
 60558 | Zot:4    | Killed an ancient lich
 60681 | Zot:5    | Noticed an orb of fire
 60683 | Zot:5    | Gained mutation: You are dopey. (Int -2) [an orb of fire]
 60685 | Zot:5    | Noticed an ancient lich
 60687 | Zot:5    | Noticed an ancient lich
 60691 | Zot:5    | Gained mutation: You are clumsy. (Dex -2) [an orb of fire]
 60704 | Zot:5    | Gained mutation: You tend to lose your temper in combat.
                  | [an orb of fire]
 60714 | Zot:5    | Gained mutation: You often lose your temper in combat. [an
                  | orb of fire]
 60922 | Zot:4    | Killed an ancient lich
 60930 | Zot:4    | Gained mutation: You occasionally shout uncontrollably at
                  | your foes. [an orb of fire]
 60930 | Zot:4    | Gained mutation: You sometimes yell uncontrollably at your
                  | foes. [an orb of fire]
 60933 | Zot:4    | Killed an orb of fire
 60969 | Zot:5    | Killed an ancient lich
 61155 | Zot:5    | Noticed an ancient lich
 61167 | Zot:5    | Killed an ancient lich
 61180 | Zot:5    | Noticed an ancient lich
 61204 | Zot:5    | Killed an ancient lich
 61719 | Zot:5    | Got the Orb of Zot
 61826 | Zot:5    | Lost mutation: You evolve. [potion of mutation]
 61826 | Zot:5    | Lost mutation: You often lose your temper in combat.
                  | [potion of mutation]
 61826 | Zot:5    | Lost mutation: Your muscles are strong. (Str +2) [potion of
                  | mutation]
 61826 | Zot:5    | Gained mutation: You have an increased reservoir of magic.
                  | (+10% MP) [potion of mutation]
 61882 | Zot:3    | Lost mutation: You have an increased reservoir of magic.
                  | (+10% MP) [potion of mutation]
 61882 | Zot:3    | Lost mutation: You tend to lose your temper in combat.
                  | [potion of mutation]
 61882 | Zot:3    | Gained mutation: You are partially covered in yellow
                  | scales. (AC +2) [potion of mutation]
 61882 | Zot:3    | Gained mutation: Your spells are a little harder to cast,
                  | but a little more powerful. [potion of mutation]
 61882 | Zot:3    | Gained mutation: You are partially covered in slimy green
                  | scales. (AC +2) [potion of mutation]
 61882 | Zot:3    | Gained mutation: Your movements are slightly less
                  | encumbered by armour. (ER -2) [potion of mutation]
 62442 | D:1      | Noticed a seraph
 62474 | D:1      | Killed a seraph
 62529 | D:$      | Escaped with the Orb!

Levels and vault maps discovered:
D:1:      nagdon_arrival_double_spiral, layout_basic
D:2:      layout_basic, gammafunk_temple_overflow_elements
D:3:      layout_basic, first_ration, uniq_ijyb, uniq_natasha
D:4:      layout_loops_ring, chequers_temple_overflow_minitemple,
          gup_sewer_entry_bubbles, uniq_menkaure
D:5:      layout_basic, minmay_temple_entry_large_hall
D:6:      layout_rooms, grunt_ministairs_15, uniq_pikel
D:7:      wander_river, layout_loops_ring, serial_shops, shop_fountains,
          grunt_livestock, minmay_misc_feat_secret_circle,
          minmay_stone_trees_small, nicolae_tso_carved_into_rock
D:8:      minmay_the_grid_octo_triangle [minmay_the_grid_octo_clover,
          minmay_the_grid_octo_prize_ultimate_mussel_roller,
          minmay_the_grid_octo_chip], layout_rooms, ebering_ghost_disaster_area,
          uniq_psyche
D:9:      layout_loops_corners, serial_shops, shop,
          ebering_ghost_reflecting_pool, jmf_multi_god_temple2
D:10:     layout_grid_maze, minmay_lair_entry_grove, eino_jars, uniq_joseph
D:11:     layout_cave_pools, orc_0_dummy
D:12:     layout_basic, gammafunk_ghost_split, enter_trove_3, serial_shops,
          shop_fountains
D:13:     layout_loops_ring, st_stairs_9, tgw_fedhas, uniq_maurice
D:14:     layout_irregular_city, erik_vaults_1, serial_shops, shop,
          chequers_garden, uniq_louise
D:15:     grunt_enter_depths_hoard, layout_cave_pools,
          portal_ice_cave_entry_ice_beasts, minivault_14,
          yredelemnul_altar_generic
Lair:1:   layout_chaotic_city, gammafunk_ghost_ooze, st_stairs_5,
          lemuel_centaur_altar, grunt_megastairs_5
Lair:2:   layout_regular_city, nicolae_swamp_entry_splash_gauntlet,
          nzn_random_ring, serial_bayou_shore_b
Lair:3:   layout_gridlike, spider_nest_entry_webs, serial_forest,
          infiniplex_forest_end_2, infiniplex_forest_clump_C,
          infiniplex_forest_end_3, infiniplex_forest_end_2,
          infiniplex_forest_straight_3, infiniplex_forest_end_2,
          nicolae_quartered_pool_super, chequers_serial_rivers_large_b,
          minmay_holes
Lair:4:   layout_gridlike, beast_lair_carwin_6, lemuel_fruit_tree,
          serial_bayou_shore_a, minmay_lair_oklob_chamber
Lair:5:   layout_cave_shapes, gammafunk_ghost_split, columned_hall_lemuel,
          lemuel_fruit_fields, grunt_megastairs_3, uniq_kirke
Lair:6:   gammafunk_lair_ancient_temple, layout_concentric_octagons,
          nicolae_slime_entry_slimehenge
Swamp:1:  layout_basic_swamp, nicolae_swamp_treefoil
Swamp:2:  layout_basic_swamp, evilmike_swamp_ruin_house_3, swamp_pool1
Swamp:3:  layout_falls_marsh, serial_swamp_ruin, hangedman_swamp_ruin_wall,
          evilmike_swamp_ruin_house_5, evilmike_swamp_ruin_house_1, swamp_pool3
Swamp:4:  swamp_alternative, layout_basic_swamp
Spider:1: layout_spider_delve, uniq_azrael, uniq_roxanne
Spider:2: layout_chambers, drop_trap
Spider:3: cheibrodos_forgotten_conduit
Spider:4: spider_rune_water
Orc:1:    layout_caves, uniq_josephine, uniq_nergalle
Orc:2:    st_orc_pillars, layout_diamond_mine, gammafunk_ghost_cemetery
Elf:1:    eino_elf_arrival_sip, layout_geoelf_octagon,
          portal_desolation_entry_salt, serial_shops, shop,
          gammafunk_ghost_arena, hangedman_corner_corridor
Elf:2:    layout_gridlike, serial_shops, shop
Elf:3:    minmay_elf_hall_furrowed, layout_onion_city, serial_shops, shop
Vaults:1: grunt_vaults_trifunnel, nicolae_vaults_halls_meeting, v_misc_14,
          vaults_room_door_hall, vaults_dpeg_ring,
          nicolae_vaults_ninety_degrees, nicolae_vaults_mini_display_case,
          serial_ice_m, layout_vaults_big_room, serial_shops, statue_bzr,
          uniq_aizul
Vaults:2: vaults_room_grid, v_alt_pattern_1, hangedman_vaults_maws,
          vaults_mumra_chevron, hangedman_vaults_corner_blocks, v_misc_16,
          vaults_standard_mumra_enter_the_diamond, nicolae_vaults_display_case,
          ontoclasm_vaults_eye, nicolae_vaults_alarming, nicolae_vaults_theta,
          nicolae_vaults_specimen_jars, vaults_dpeg_doors,
          layout_vaults_maze_bifur
Vaults:3: v_alt_pattern_2, vaults_mumra_minichess, hangedman_vaults_nails,
          nicolae_vaults_little_squares_4, nicolae_vaults_network_barrier,
          nicolae_vaults_shelves_hall, vaults_room_hallway, grunt_vaults_focal,
          v_pattern_3, vaults_dpeg_encased_lava,
          minmay_crypt_entry_nasty_monster, ontoclasm_vaults_misaligned,
          v_misc_30, ontoclasm_vaults_ring_square, layout_vaults_omnibox,
          mu_enter_wizlab_1
Vaults:4: nicolae_vaults_minivaults, v_misc_4, hangedman_vaults_maws,
          hangedman_vaults_corner_blocks, hangedman_vaults_unwind,
          hangedman_vaults_trim, v_alt_pattern_4, ontoclasm_vaults_chip,
          v_misc_2, layout_vaults_big_cross
Vaults:5: serial_shops
Depths:1: layout_cave_shapes, enter_ziggurat_c, grunt_hell_horde, minivault_14,
          serial_shops, freezing_bzr, lemuel_old_faithful
Depths:2: hangedman_cross_veins, layout_basic, hell_entry, serial_shops, shop,
          serial_bayou_lagoon_a, abyss_entry, uniq_asterion
Depths:3: abrahamwl_protected_by_tso_2, layout_gridlike,
          grunt_pan_entry_in_and_out, abyss_entry,
          infiniplex_staircase_zigzag_5, serial_shops, kennysheep_mini_moat,
          hangedman_tar_grid_catacomb, roderic_lattice_a, lemuel_statue_altar
Depths:4: grunt_profane_halls [grunt_profane_temple_tar,
          grunt_profane_temple_geh, grunt_profane_temple_dis,
          grunt_profane_temple_coc, grunt_profane_loot], hell_entry, pan_entry,
          abyss_entry
Depths:5: evilmike_zot_entry_basic, layout_long_grid, serial_shops, shop,
          hell_entry, hangedman_decor_cross_pass
Zot:1:    layout_gridlike, evilmike_ambush [evilmike_ambush_outer_basic,
          evilmike_ambush_inner_basic]
Zot:2:    layout_cathedral_of_symmetry
Zot:3:    layout_onion, basic_altar
Zot:4:    layout_basic, st_small_dragon_hoard_5
Zot:5:    layout_misc_corridors, hangedman_zot_decor_unnerving_road,
          grunt_ministairs_9

Skill      XL: |  1  2  3  4  5  6  7  8  9 10 11 12 13 14 15 16 17 18 19 20 21 22 23 24 25 26 27 |
---------------+----------------------------------------------------------------------------------+-----
Axes           | 2 3 4 5 7 8 9 10 11 12 13 14 | 14.0
Armour         | 4 5 6 7 8 10 11 12 13 14 15 16 17 18 19 20 24 | 24.3
Fighting       | 4 5 6 8 9 11 13 14 15 16 17 18 19 20 21 22 23 24 25 26 27 | 27.0
Shields        | 4 5 6 7 8 9 11 12 13 14 15 16 17 18 19 20 21 22 23 24 25 | 25.0
Invocations    | 3 5 |  5.0
Dodging        | 2 4 5 6 7 8 9 10 11 12 13 14 17 | 17.9
Maces & Flails | 7 10 | 10.5

Action                   |  1- 3 |  4- 6 |  7- 9 | 10-12 | 13-15 | 16-18 | 19-21 | 22-24 | 25-27 || total
-------------------------+-------+-------+-------+-------+-------+-------+-------+-------+-------++-------
Melee: War axe           |   106 |   221 |   425 |   148 |       |       |       |       |       ||   900
       Hand axe          |       |       |       |   431 |  1163 |  1174 |  1586 |  1172 |   706 ||  6232
       Unarmed           |       |       |       |     6 |       |       |       |       |       ||     6
       Demon trident     |       |       |       |       |    16 |   218 |    31 |   554 |  1855 ||  2674
Invok: Upheaval          |       |       |       |       |       |       |       |     1 |       ||     1
 Abil: Fly               |       |       |       |       |     1 |       |       |     1 |       ||     2
       Stop Flying       |       |       |       |       |       |       |     1 |       |       ||     1
  Use: Scroll            |       |       |       |       |    33 |    12 |     4 |     9 |    27 ||    85
       Potion            |       |       |       |       |       |     1 |       |     5 |    13 ||    19
 Stab: Confused          |       |       |       |     1 |       |     2 |       |       |     2 ||     5
       Held in net/web   |       |       |       |       |       |     1 |       |       |       ||     1
       Distracted        |       |       |       |       |       |       |     2 |     1 |     1 ||     4
  Eat: Chunk             |       |     6 |    12 |    21 |    34 |    17 |    27 |    17 |    31 ||   165
       Ration            |       |       |       |     1 |     2 |     4 |     1 |     3 |     4 ||    15
Armor: Scale mail        |    59 |       |       |       |       |       |       |       |       ||    59
       Plate armour      |       |   161 |   287 |   232 |       |       |       |       |       ||   680
       Skin              |       |       |       |     3 |     1 |       |       |       |       ||     4
       Ring mail         |       |       |       |    79 |   293 |   328 |   153 |   296 |   606 ||  1755
       Chain mail        |       |       |       |       |    10 |       |       |       |       ||    10
       Fire dragon scale |       |       |       |       |     8 |       |       |       |       ||     8
Dodge: Dodged            |    43 |    28 |    60 |   128 |   190 |   321 |   238 |   467 |   949 ||  2424
       Deflected         |       |       |       |     8 |     9 |    17 |    25 |    27 |    67 ||   153
Block: Shield            |    63 |   129 |   310 |   583 |   298 |       |       |       |       ||  1383
       Other             |       |       |       |     5 |       |       |       |       |       ||     5
       Large shield      |       |       |       |       |  1017 |  1742 |  1543 |  2198 |  4129 || 10629
       Reflection        |       |       |       |       |       |       |       |    64 |    58 ||   122
